 Dungeon Sprint DCSS version 0.18.1-5-g4a78601 (webtiles) character file.

31413 Hipnos the Ninja (level 13, -63/60 HPs)
             Began as a Spriggan Enchanter on May 14, 2016.
             Was the Champion of Dithmenos.
             Killed from afar by Lom Lobon (74 damage)
             ... with a great icy blast
             ... in the Dungeon (Sprint I: "Red Sonja").
             The game lasted 00:19:18 (2070 turns).

Hipnos the Ninja (Spriggan Enchanter)               Turns: 2070, Time: 00:19:19

Health: -63/60     AC:  6    Str:  4    XL:     13   Next: 25%
Magic:  30/30      EV: 36    Int: 16    God:    Dithmenos [******]
Gold:   2159       SH: 12    Dex: 22    Spells: 3 memorised, 31 levels left

rFire  + . .     SeeInvis +     i - +6 dagger (venom)
rCold  . . .     Gourm    .     b - +2 robe
rNeg   . . .     Faith    .     m - +3 buckler {reflect}
rPois  +         Spirit   .     (helmet restricted)
rElec  +         Dismiss  .     t - +1 cloak "Feull" {+Fly rElec}
rCorr  .         Reflect  +     (gloves unavailable)
SustAt .         Harm     .     (boots unavailable)
MR     ++...     NoTele   +     (no amulet)
Stlth  ++++++++++               s - ring of protection from fire
                                r - ring of poison resistance

@: lethally poisoned (-63 -> -83), slowed, wreathed by umbra, quick, very
resistant to hostile enchantments, uncannily stealthy
A: unfitting armour, see invisible, herbivore 3, speed 3, slow metabolism 2
a: Shadow Step, Shadow Form, Renounce Religion, Evoke Flight


You were in the Dungeon.
You worshipped Dithmenos.
Dithmenos was exalted by your worship.
You were not hungry.

You visited 1 branch You collected 3533 gold pieces.
You spent 1374 gold pieces at shops.

Inventory:

Hand Weapons
 a - a +1 dagger
 i - a +6 dagger of venom (weapon)
Armour
 b - a +2 robe (worn)
 k - a +2 pair of gloves
 m - a +3 buckler of reflection (worn)
 t - the +1 cloak "Feull" (worn) {+Fly rElec}
   (You bought it in a shop in the Dungeon)

   It insulates you from electricity.
   It lets you fly.
Jewellery
 r - a ring of poison resistance (left hand)
 s - a ring of protection from fire (right hand)
Wands
 z - a wand of slowing (40/48)
Scrolls
 f - a scroll of magic mapping {unknown}
 j - a scroll of blinking
 l - 2 scrolls of amnesia {unknown}
 p - a scroll of fog {unknown}
 q - a scroll of enchant armour
 y - a scroll of recharging {unknown}
 A - 2 scrolls of remove curse {unknown}
Potions
 g - a potion of haste
 h - 2 potions of magic
 v - a potion of beneficial mutation {unknown}
Books
 c - a book of Maledictions

   Spells                             Type                      Level
   a - Corona                         Hexes                        1
   b - Ensorcelled Hibernation        Hexes/Ice                    2
   c - Confuse                        Hexes                        3
   d - Tukima's Dance                 Hexes                        3
   e - Dazzling Spray                 Conjuration/Hexes            3
 e - a book of Debilitation

   Spells                             Type                      Level
   a - Corona                         Hexes                        1
   b - Slow                           Hexes                        2
   c - Gell's Gravitas                Hexes/Translocation          3
   d - Inner Flame                    Hexes/Fire                   3
   e - Cause Fear                     Hexes                        4
   f - Leda's Liquefaction            Hexes/Earth                  4
 u - a book of Envenomations

   Spells                             Type                      Level
   a - Spider Form                    Transmutation/Poison         3
   b - Olgreb's Toxic Radiance        Poison                       4
   c - Alistair's Intoxication        Transmutation/Poison         5
   d - Poisonous Cloud                Conjuration/Poison/Air       6
 B - a book of Geomancy

   Spells                             Type                      Level
   a - Sandblast                      Earth                        1
   b - Passwall                       Transmutation/Earth          2
   c - Stone Arrow                    Conjuration/Earth            3
   d - Petrify                        Transmutation/Earth          4
   e - Lee's Rapid Deconstruction     Earth                        5
Miscellaneous
 n - a plain deck of summoning
 o - a phantom mirror
Comestibles
 d - a bread ration
 x - 3 fruits


   Skills:
 + Level 3.3 Fighting
 * Level 14.6 Short Blades
 * Level 17.7 Dodging
 O Level 27 Stealth
 * Level 9.1 Shields
 + Level 12.5 Spellcasting
 * Level 19.1 Hexes
 + Level 1.4 Ice Magic


You had 31 spell levels left.
You knew the following spells:

 Your Spells              Type           Power        Failure   Level  Hunger
a - Corona                Hex            ######.      0%          1    None
b - Ensorcelled Hibernat  Hex/Ice        #####.       1%          2    None
c - Confuse               Hex            ######..     0%          3    None


Dungeon Overview and Level Annotations

Branches:
Dungeon (1/1)

Altars:
Cheibriados
Dithmenos
Elyvilon
Fedhas
Gozag
Kikubaaqudgha
Makhleb
Nemelex Xobeh
Okawaru
Pakellas
Qazlal
Ru
Sif Muna
Trog
Vehumet
Xom
Yredelemnul
Zin
The Shining One
Jiyva

Shops:
D *[[}%?!=*(*=!*[[=*?[[*

Annotations:
D exclusion: oklob plant, Lom Lobon, Tiamat


Innate Abilities, Weirdness & Mutations

You are tiny and cannot use many weapons and most armour.
You have supernaturally acute eyesight.
You are a herbivore.
You cover ground extremely quickly.
You need consume almost no food.


Message History

Lom Lobon is healed.
Casting: Confuse
Confirm with . or Enter, or press ? or * to list all spells.
You can't see any susceptible monsters within range! (Use Z to cast anyway.)
You hit Lom Lobon but do no damage.
Lom Lobon is poisoned.
Lom Lobon is heavily wounded.
Your shadow closely misses Lom Lobon.
You are engulfed in dark miasma.
You are more poisoned.
You feel your flesh rotting away!
You feel very sick.
Drink which item? (? for menu, Esc to quit)
You feel better.
You are engulfed in dark miasma.
You are lethally poisoned!
* * * LOW HITPOINT WARNING * * *
x2 You emit a cloud of dark smoke.
You feel very sick.
Lom Lobon blinks!
Lom Lobon gestures at you.
Lom Lobon conjures a mighty blast of ice!
The great icy blast engulfs you!
Ouch! That really hurt!
You die...

###.# ####'#.##'##.......
.§#§##### ###....#.#≈≈≈##......
.#§§#.[.#####...####.#≈)≈≈##(.[..
≈####.)...)...###§§§ #≈≈≈≈≈######
≈##[......#####§§§§####≈≈≈≈#≈≈≈≈≈
###))..).##...§§§§§#..#'≈≈≈'≈≈†≈≈
# #..)..##....§§§§§#...##≈≈#≈≈≈≈≈
###.....#...§.§§&§§#....######'##
∩######## #§§§@§§#....#≈≈≈≈≈≈≈≈
###≈≈≈≈≈≈≈≈d#§§§§§§#######≈≈≈≈≈≈≈
# ###########§§§§§§§§)#).'..)≈≈≈≈
#..0..+ ..§§§§§§.#:|'|)#.......
####### #######################


You could see Lom Lobon.

Vanquished Creatures
  the Lernaean hydra (D)
  A golden dragon (D)
  A deep elf master archer (D)
  A shadow dragon (D)
  4 fire giants (D)
  A hydra (D)
  2 centaur warriors (D)
  Sonja (D)
  A deep troll (D)
  7 unseen horrors (D)
  A lindwurm (D)
  An oklob plant (D)
  8 shining eyes (D)
  2 kobold demonologists (D)
  4 demonic crawlers (D)
  A slime creature (D)
  2 redbacks (D)
  Sigmund (D)
  A yak (D)
  13 hogs (D)
  7 giant eyeballs (D)
  An ogre (D)
  3 wasps (D)
  7 necrophages (D)
  8 jellies (D)
  Ijyb (D)
81 creatures vanquished.

Vanquished Creatures (others)
  A deep elf annihilator (D)
  2 sirens (D)
  A hellwing (D)
  2 wasps (D)
6 creatures vanquished.

Grand Total: 87 creatures vanquished

Notes
Turn   | Place    | Note
--------------------------------------------------------------
     0 | D        | Hipnos the Spriggan Enchanter began the quest for the Orb.
     0 | D        | Reached XP level 1. HP: 9/9 MP: 5/5
     1 | D        | Noticed Ijyb
    12 | D        | Killed Ijyb
    12 | D        | Reached skill level 6 in Stealth
    12 | D        | Reached skill level 5 in Hexes
    12 | D        | Reached XP level 2. HP: 10/13 MP: 7/7
    47 | D        | Noticed an ogre
    50 | D        | Killed an ogre
    50 | D        | Reached skill level 5 in Dodging
    50 | D        | Reached skill level 9 in Stealth
    50 | D        | Reached XP level 3. HP: 16/16 MP: 7/9
    50 | D        | Reached XP level 4. HP: 21/21 MP: 8/11
    55 | D        | Learned a level 2 spell: Ensorcelled Hibernation
    59 | D        | Learned a level 3 spell: Confuse
    66 | D        | Noticed Sigmund
    69 | D        | Killed Sigmund
    69 | D        | Reached skill level 11 in Stealth
    69 | D        | Reached XP level 5. HP: 24/24 MP: 10/13
    81 | D        | Found a snail-covered altar of Cheibriados.
    81 | D        | Found a viscous altar of Jiyva.
    81 | D        | Found a shadowy altar of Dithmenos.
    81 | D        | Found a blossoming altar of Fedhas.
    81 | D        | Noticed a slime creature
    84 | D        | Killed a slime creature
    84 | D        | Reached skill level 5 in Short Blades
    84 | D        | Reached skill level 13 in Stealth
    84 | D        | Reached skill level 5 in Spellcasting
    84 | D        | Reached skill level 10 in Hexes
    84 | D        | Reached XP level 6. HP: 28/28 MP: 12/15
    86 | D        | Became a worshipper of Dithmenos the Shadowed
    97 | D        | Noticed a kobold demonologist
    97 | D        | Noticed a giant eyeball
    98 | D        | Noticed a kobold demonologist
   100 | D        | Killed a kobold demonologist
   100 | D        | Reached skill level 14 in Stealth
   100 | D        | Reached XP level 7. HP: 32/32 MP: 14/17
   102 | D        | Killed a kobold demonologist
   102 | D        | Reached skill level 15 in Stealth
   102 | D        | Reached XP level 8. HP: 36/36 MP: 14/18
   106 | D        | Reached * piety under Dithmenos
   120 | D        | Found a deep blue altar of Sif Muna.
   122 | D        | Found a radiant altar of Vehumet.
   158 | D        | Found Jaitar's Gadget Emporium.
   158 | D        | Found a white marble altar of Elyvilon.
   158 | D        | Found a stormy altar of Qazlal.
   158 | D        | Found a burning altar of Makhleb.
   158 | D        | Found a sacrificial altar of Ru.
   158 | D        | Found an oddly glowing altar of Pakellas.
   158 | D        | Found a basalt altar of Yredelemnul.
   158 | D        | Found a glowing golden altar of the Shining One.
   158 | D        | Found a sparkling altar of Nemelex Xobeh.
   158 | D        | Found a shimmering altar of Xom.
   158 | D        | Found an opulent altar of Gozag.
   158 | D        | Found an ancient bone altar of Kikubaaqudgha.
   158 | D        | Found a glowing silver altar of Zin.
   159 | D        | Found an iron altar of Okawaru.
   162 | D        | Reached skill level 16 in Stealth
   163 | D        | Found a bloodstained altar of Trog.
   172 | D        | Noticed Sonja
   176 | D        | Killed Sonja
   176 | D        | Reached ** piety under Dithmenos
   176 | D        | Reached skill level 17 in Stealth
   191 | D        | Noticed a deep troll
   195 | D        | Killed a deep troll
   195 | D        | Reached skill level 10 in Dodging
   195 | D        | Reached skill level 18 in Stealth
   195 | D        | Reached XP level 9. HP: 40/40 MP: 19/21
   205 | D        | Found Taorod's Armour Emporium.
   210 | D        | Bought a +2 buckler of reflection for 222 gold pieces
   231 | D        | Noticed a centaur warrior
   232 | D        | Noticed a centaur warrior
   234 | D        | HP: 1/40 [centaur warrior/arrow (12)]
   252 | D        | Killed a centaur warrior
   252 | D        | Reached skill level 19 in Stealth
   252 | D        | Reached skill level 1 in Shields
   255 | D        | Killed a centaur warrior
   255 | D        | Reached skill level 1 in Fighting
   255 | D        | Reached skill level 20 in Stealth
   457 | D        | Noticed an oklob plant
   459 | D        | Killed an oklob plant
   459 | D        | Reached skill level 15 in Hexes
   459 | D        | Reached XP level 10. HP: 45/45 MP: 23/23
   468 | D        | Reached *** piety under Dithmenos
   471 | D        | Reached skill level 21 in Stealth
   499 | D        | Noticed an unseen horror
   500 | D        | Noticed an unseen horror
   506 | D        | Killed an unseen horror
   508 | D        | Killed an unseen horror
   508 | D        | Reached **** piety under Dithmenos
   512 | D        | Reached skill level 22 in Stealth
   518 | D        | Reached ***** piety under Dithmenos
   707 | D        | Found Cuqeh's General Store.
   707 | D        | Found Ywoargh's Magic Scroll Emporium.
   708 | D        | Found Xaompuur's Antique Armour Emporium.
   728 | D        | Found Juatah's Jewellery Shoppe.
   728 | D        | Found Eroemeeq's Distillery.
   728 | D        | Found Tyofivuhu's Assorted Antiques.
   730 | D        | Found Meut's Weapon Emporium.
   730 | D        | Found Casacosa's General Store.
   730 | D        | Found Puxkaerr's Jewellery Shoppe.
   730 | D        | Found Banas's Distillery.
   730 | D        | Found Qitaus's General Store.
   730 | D        | Found Uruuck's Armour Shop.
   730 | D        | Found Resimus's Antique Armour Shoppe.
   733 | D        | Bought an uncursed ring of poison resistance for 240 gold pieces
   735 | D        | Found Poegg's Jewellery Boutique.
   738 | D        | Bought an uncursed ring of protection from fire for 325 gold pieces
   742 | D        | Bought the +1 cloak "Feull" {+Fly rElec} for 332 gold pieces
   750 | D        | Bought a scroll of enchant weapon for 105 gold pieces
   801 | D        | Found Jeofiacu's Assorted Antiques.
   811 | D        | Noticed a shining eye
   811 | D        | Noticed a shining eye
   811 | D        | Noticed a shining eye
   811 | D        | Noticed a shining eye
   811 | D        | Noticed a shining eye
   811 | D        | Noticed a shining eye
   814 | D        | Noticed a shining eye
   814 | D        | Noticed a shining eye
   815 | D        | Killed a shining eye
   818 | D        | Killed a shining eye
   818 | D        | Reached skill level 10 in Short Blades
   819 | D        | Paralysed by a giant eyeball for 2 turns
   822 | D        | Reached ****** piety under Dithmenos
   824 | D        | Killed a shining eye
   824 | D        | Reached skill level 23 in Stealth
   824 | D        | Reached XP level 11. HP: 49/49 MP: 23/25
   827 | D        | Killed a shining eye
   835 | D        | Killed a shining eye
   837 | D        | Killed a shining eye
   840 | D        | Killed a shining eye
   844 | D        | Killed a shining eye
   850 | D        | Found Cifaythu's Armour Shoppe.
   850 | D        | Found Nierul's Magic Scroll Boutique.
   850 | D        | Found Wapaq's Armour Emporium.
   851 | D        | Found Fuhin's Food Shop.
   916 | D        | Reached skill level 24 in Stealth
   932 | D        | Reached skill level 5 in Shields
   945 | D        | Reached skill level 10 in Spellcasting
  1235 | D        | Noticed a lindwurm
  1238 | D        | Killed a lindwurm
  1270 | D        | Noticed a 12-headed hydra
  1272 | D        | Killed a 12-headed hydra
  1272 | D        | Reached skill level 25 in Stealth
  1334 | D        | Noticed a shadow dragon
  1337 | D        | Noticed a golden dragon
  1339 | D        | Killed a shadow dragon
  1341 | D        | Killed a golden dragon
  1341 | D        | Reached skill level 26 in Stealth
  1341 | D        | Reached XP level 12. HP: 55/55 MP: 26/28
  1399 | D        | Found Unwamara's General Store.
  1417 | D        | Bought 2 scrolls of enchant armour for 150 gold pieces
  1466 | D        | Noticed a daeva
  1472 | D        | Reached skill level 27 in Stealth
  1474 | D        | Reached skill level 15 in Dodging
  1483 | D        | Noticed a fire giant
  1486 | D        | Noticed a fire giant
  1487 | D        | Noticed a fire giant
  1488 | D        | Noticed a fire giant
  1490 | D        | Killed a fire giant
  1494 | D        | Killed a fire giant
  1496 | D        | Killed a fire giant
  1498 | D        | Killed a fire giant
  1506 | D        | Noticed Tiamat
  1722 | D        | Noticed a deep elf annihilator
  1823 | D        | Killed a deep elf annihilator
  1974 | D        | Noticed a mummy priest
  1987 | D        | Noticed the 27-headed Lernaean hydra
  2025 | D        | Killed the 27-headed Lernaean hydra
  2025 | D        | Reached skill level 1 in Ice Magic
  2025 | D        | Reached XP level 13. HP: 59/59 MP: 30/30
  2026 | D        | Noticed a deep elf master archer
  2029 | D        | Killed a deep elf master archer
  2061 | D        | Noticed Lom Lobon
  2070 | D        | Killed from afar by Lom Lobon

Skill      XL: |  1  2  3  4  5  6  7  8  9 10 11 12 13 |
---------------+----------------------------------------+-----
Short Blades   | 2 3 4 5 6 8 10 12 14 | 14.6
Dodging        | 4 5 6 7 8 10 11 12 14 17 | 17.7
Stealth        | 6 9 11 13 14 15 18 20 23 26 27 | 27.0
Spellcasting   | 3 4 5 6 7 8 9 11 12 | 12.5
Hexes          | 5 7 9 10 11 12 14 15 16 17 18 19 | 19.1
Shields        | 2 4 6 8 9 |  9.1
Fighting       | 1 2 3 |  3.3
Ice Magic      | 1 |  1.4

Action                   |  1- 3 |  4- 6 |  7- 9 | 10-12 | 13-15 || total
-------------------------+-------+-------+-------+-------+-------++-------
Melee: Dagger            |     9 |     3 |    24 |   126 |     3 ||   165
 Cast: Ensorcelled Hiber |       |       |     2 |     4 |       ||     6
       Confuse           |       |       |     4 |    18 |       ||    22
Invok: Shadow Step       |       |       |       |       |     1 ||     1
  Use: Potion            |     2 |       |     1 |       |     1 ||     4
       Scroll            |       |       |       |     3 |       ||     3
 Stab: Sleeping          |     2 |     3 |     8 |    57 |     2 ||    72
       Confused          |       |       |     1 |     4 |       ||     5
Armor: Robe              |       |       |       |     3 |       ||     3
Dodge: Dodged            |     4 |       |     3 |    61 |       ||    68
Block: Buckler           |       |       |     3 |    24 |       ||    27
       Reflection        |       |       |     3 |       |       ||     3
